TOP OF THE 1ST |
Lehigh Valley IronPigs batting - Pitching for Syracuse Chiefs : LHP Jesus Gallegos
|
Pitching: LHP Jesus Gallegos
|
|
Batting: RHB Nick Beggs
|
0-0: Ball 1-0: Ball 2-0: Ball 3-0: Called Strike 3-1: Swinging Strike 3-2: Strikes out swinging
|
Batting: RHB Matt Sanders
|
0-0: Called Strike 0-1: Swinging Strike 0-2: Ball 1-2: Strikes out swinging
|
Batting: LHB Ryan Trombley
|
0-0: Foul Ball, location: 2F 0-1: Foul Ball, location: 2F 0-2: Ground out 6-3 (Groundball, 56, EV 102.5 MPH)
|
Top of the 1st over - 0 runs, 0 hits, 0 errors, 0 left on base; Lehigh Valley 0 - Syracuse 0 |
BOTTOM OF THE 1ST |
Syracuse Chiefs batting - Pitching for Lehigh Valley IronPigs : RHP Brian Thomas
|
Pitching: RHP Brian Thomas
|
|
Batting: RHB Ke-yue Hong
|
0-0: Ball 1-0: Foul Ball, location: 2F 1-1: Ball 2-1: Swinging Strike 2-2: Ball 3-2: Strikes out swinging
|
Batting: LHB Dana McDonald
|
0-0: Swinging Strike 0-1: Ball 1-1: Foul Ball, location: 2F 1-2: Ball 2-2: Foul Ball, location: 2F 2-2: Ground out 6-3 (Groundball, 6M, EV 88.8 MPH)
|
Batting: RHB Danny Gerardo
|
0-0: Ground out 4-3 (Groundball, 4M, EV 100.6 MPH)
|
Bottom of the 1st over - 0 runs, 0 hits, 0 errors, 0 left on base; Lehigh Valley 0 - Syracuse 0 |
TOP OF THE 2ND |
Lehigh Valley IronPigs batting - Pitching for Syracuse Chiefs : LHP Jesus Gallegos
|
Batting: RHB Josh Hensley
|
0-0: Swinging Strike 0-1: Ground out 4-3 (Groundball, 34, EV 83.1 MPH)
|
Batting: RHB Julian Nijhuis
|
0-0: Ball 1-0: Called Strike 1-1: Ball 2-1: Ball 3-1: Foul Ball, location: 2F 3-2: Base on Balls
|
Batting: LHB Chad Persaud
|
0-0: Ball Wild Pitch! Julian Nijhuis to second 1-0: SINGLE (Groundball, 5S, EV 71.9 MPH) (infield hit) Julian Nijhuis to third
|
Batting: RHB Chris Pounds
|
0-0: Ball 1-0: Ball 2-0: Foul Ball, location: 2F 2-1: Foul Ball, location: 2F 2-2: Foul Ball, location: 2F 2-2: Ball Chad Persaud is caught stealing 2nd base 2-4 3-2: Ground out 1-3 (Groundball, 15S, EV 66.9 MPH)
|
Top of the 2nd over - 0 runs, 1 hit, 0 errors, 1 left on base; Lehigh Valley 0 - Syracuse 0 |
BOTTOM OF THE 2ND |
Syracuse Chiefs batting - Pitching for Lehigh Valley IronPigs : RHP Brian Thomas
|
Batting: RHB Donovan Auclair
|
0-0: Called Strike 0-1: Ball 1-1: Foul Ball, location: 2F 1-2: SOLO HOME RUN (Flyball, 78XD, EV 105.6 MPH) (Inside the Park)
|
Batting: RHB Ben Welt
|
0-0: Called Strike 0-1: Ball 1-1: Foul Ball, location: 2F 1-2: Ball 2-2: Fly out, F8 (Line Drive, 8LM, EV 87.5 MPH)
|
Batting: LHB Erik Beezley
|
0-0: Ball 1-0: Ball 2-0: Foul Ball, location: 2F 2-1: SINGLE (Flyball, 7, EV 98.1 MPH)
|
Batting: RHB Ryan Short
|
0-0: Called Strike 0-1: Ball 1-1: SINGLE (Line Drive, 8LS, EV 113.1 MPH) Erik Beezley to second
|
Batting: RHB Ryota Tenno
|
0-0: Ball 1-0: Fly out, F8 (Flyball, 8LS, EV 82.5 MPH)
|
Batting: RHB Brennan Cameron
|
0-0: Called Strike 0-1: Swinging Strike 0-2: Ball 1-2: Ball 2-2: Ground out 5-3 (Groundball, 5S, EV 89.4 MPH)
|
Bottom of the 2nd over - 1 run, 3 hits, 0 errors, 2 left on base; Lehigh Valley 0 - Syracuse 1 |
TOP OF THE 3RD |
Lehigh Valley IronPigs batting - Pitching for Syracuse Chiefs : LHP Jesus Gallegos
|
Batting: SHB Cesar Arteaga
|
0-0: Called Strike 0-1: Ball 1-1: Called Strike 1-2: Strikes out looking
|
Batting: RHB Dan Grable
|
0-0: Ball 1-0: Ball 2-0: Foul Ball, location: 2F 2-1: Fly out, F8 (Flyball, 8RD, EV 97.5 MPH)
|
Batting: RHB Nick Beggs
|
0-0: Ball 1-0: Called Strike 1-1: Ground out 4-3 (Groundball, 4S, EV 87.5 MPH)
|
Top of the 3rd over - 0 runs, 0 hits, 0 errors, 0 left on base; Lehigh Valley 0 - Syracuse 1 |
BOTTOM OF THE 3RD |
Syracuse Chiefs batting - Pitching for Lehigh Valley IronPigs : RHP Brian Thomas
|
Batting: RHB Ke-yue Hong
|
0-0: Swinging Strike 0-1: Swinging Strike 0-2: Ground out 6-3 (Groundball, 6, EV 85.6 MPH)
|
Batting: LHB Dana McDonald
|
0-0: Called Strike 0-1: SINGLE (Groundball, 34D, EV 95.0 MPH)
|
Batting: RHB Danny Gerardo
|
0-0: Called Strike 0-1: Ball 1-1: Ball 2-1: Foul Ball, location: 2F 2-2: Ball 3-2: Base on Balls Dana McDonald to second
|
Batting: RHB Donovan Auclair
|
0-0: Ball 1-0: Called Strike 1-1: Called Strike 1-2: Foul Ball, location: 2F 1-2: SINGLE (Groundball, 6MS, EV 76.2 MPH) (infield hit) Dana McDonald to third Danny Gerardo to second
|
Batting: RHB Ben Welt
|
0-0: Called Strike 0-1: Fly out, F9 (Flyball, 9S, EV 93.1 MPH)
|
Batting: LHB Erik Beezley
|
0-0: Ball 1-0: Ground out 3-1 (Groundball, 34, EV 86.2 MPH)
|
Bottom of the 3rd over - 0 runs, 2 hits, 0 errors, 3 left on base; Lehigh Valley 0 - Syracuse 1 |
TOP OF THE 4TH |
Lehigh Valley IronPigs batting - Pitching for Syracuse Chiefs : LHP Jesus Gallegos
|
Batting: RHB Matt Sanders
|
0-0: Foul Ball, location: 2F 0-1: Called Strike 0-2: Strikes out swinging
|
Batting: LHB Ryan Trombley
|
0-0: Called Strike 0-1: Foul Ball, location: 2F 0-2: Foul Ball, location: 2F 0-2: SINGLE (Groundball, 5S, EV 71.2 MPH) (infield hit)
|
Batting: RHB Josh Hensley
|
0-0: Ball 1-0: Called Strike 1-1: Ball Wild Pitch! Ryan Trombley to second 2-1: Ground out 3-1 (Groundball, 34S, EV 93.1 MPH) Ryan Trombley to third
|
Batting: RHB Julian Nijhuis
|
0-0: Called Strike 0-1: Ball 1-1: Ball 2-1: Ground out 5-3 (Groundball, 56, EV 77.5 MPH)
|
Top of the 4th over - 0 runs, 1 hit, 0 errors, 1 left on base; Lehigh Valley 0 - Syracuse 1 |
BOTTOM OF THE 4TH |
Syracuse Chiefs batting - Pitching for Lehigh Valley IronPigs : RHP Brian Thomas
|
Batting: RHB Ryan Short
|
0-0: Ball 1-0: Called Strike 1-1: Called Strike 1-2: Ball 2-2: Strikes out looking
|
Batting: RHB Ryota Tenno
|
0-0: Ball 1-0: Swinging Strike 1-1: Foul Ball, location: 2F 1-2: Strikes out swinging
|
Batting: RHB Brennan Cameron
|
0-0: Called Strike 0-1: Swinging Strike 0-2: Strikes out swinging
|
Bottom of the 4th over - 0 runs, 0 hits, 0 errors, 0 left on base; Lehigh Valley 0 - Syracuse 1 |
TOP OF THE 5TH |
Lehigh Valley IronPigs batting - Pitching for Syracuse Chiefs : LHP Jesus Gallegos
|
Batting: LHB Chad Persaud
|
0-0: Called Strike 0-1: Ground out 5-3 (Groundball, 56, EV 93.8 MPH)
|
Batting: RHB Chris Pounds
|
0-0: Ball 1-0: Foul Ball, location: 2F 1-1: Foul Ball, location: 2F 1-2: Strikes out swinging
|
Batting: SHB Cesar Arteaga
|
0-0: Called Strike 0-1: Ball 1-1: Foul Ball, location: 2F 1-2: Foul Ball, location: 2F 1-2: Ball 2-2: Ground out 4-3 (Groundball, 4, EV 86.2 MPH)
|
Top of the 5th over - 0 runs, 0 hits, 0 errors, 0 left on base; Lehigh Valley 0 - Syracuse 1 |
BOTTOM OF THE 5TH |
Syracuse Chiefs batting - Pitching for Lehigh Valley IronPigs : RHP Brian Thomas
|
Batting: RHB Ke-yue Hong
|
0-0: Ground out 1-3 (Groundball, 15S, EV 71.2 MPH)
|
Batting: LHB Dana McDonald
|
0-0: Foul Ball, location: 2F 0-1: Ball 1-1: Foul Ball, location: 2F 1-2: Ball 2-2: Foul Ball, location: 2F 2-2: DOUBLE (Flyball, 8LXD, EV 101.2 MPH)
|
Batting: RHB Danny Gerardo
|
0-0: Called Strike 0-1: Ball 1-1: Ball Wild Pitch! Dana McDonald to third 2-1: SINGLE (Groundball, 3L, EV 100.0 MPH) Dana McDonald scores
|
Batting: RHB Donovan Auclair
|
0-0: Grounds into double play, 4-6-3 (Groundball, 4, EV 83.8 MPH)
|
Bottom of the 5th over - 1 run, 2 hits, 0 errors, 0 left on base; Lehigh Valley 0 - Syracuse 2 |
TOP OF THE 6TH |
Lehigh Valley IronPigs batting - Pitching for Syracuse Chiefs : LHP Jesus Gallegos
|
Batting: RHB Dan Grable
|
0-0: Foul Ball, location: 2F 0-1: SINGLE (Line Drive, 8RS, EV 88.8 MPH)
|
Batting: RHB Nick Beggs
|
0-0: Ball 1-0: Swinging Strike 1-1: Ball 2-1: Ball 3-1: Foul Ball, location: 2F 3-2: Foul Ball, location: 2F 3-2: Foul Ball, location: 2F 3-2: Strikes out swinging
|
Batting: RHB Matt Sanders
|
0-0: Ball 1-0: Swinging Strike 1-1: Foul Ball, location: 2F 1-2: Ground out U3 (Groundball, 34S, EV 75.0 MPH) Dan Grable to second
|
Batting: LHB Ryan Trombley
|
0-0: Called Strike 0-1: Ball 1-1: Ground out 6-3 (Groundball, P, EV 87.5 MPH)
|
Top of the 6th over - 0 runs, 1 hit, 0 errors, 1 left on base; Lehigh Valley 0 - Syracuse 2 |
BOTTOM OF THE 6TH |
Syracuse Chiefs batting - Pitching for Lehigh Valley IronPigs : RHP Brian Thomas
|
Batting: RHB Ben Welt
|
0-0: Foul Ball, location: 2F 0-1: Called Strike 0-2: Ball 1-2: Ball 2-2: Ball 3-2: Strikes out swinging
|
Batting: LHB Erik Beezley
|
0-0: Called Strike 0-1: Swinging Strike 0-2: Ground out U3 (Groundball, 3S, EV 70.0 MPH)
|
Batting: RHB Ryan Short
|
0-0: Called Strike 0-1: Swinging Strike 0-2: Ball 1-2: Ground out 5-3 (Groundball, 56, EV 90.0 MPH)
|
Bottom of the 6th over - 0 runs, 0 hits, 0 errors, 0 left on base; Lehigh Valley 0 - Syracuse 2 |
TOP OF THE 7TH |
Lehigh Valley IronPigs batting - Pitching for Syracuse Chiefs : LHP Jesus Gallegos
|
Batting: RHB Josh Hensley
|
0-0: Ball 1-0: Fly out, F8 (Flyball, 8RXD, EV 103.8 MPH)
|
Batting: RHB Julian Nijhuis
|
0-0: Ball 1-0: Foul Ball, location: 2F 1-1: Ground out 6-3 (Groundball, 6, EV 105.0 MPH)
|
Batting: LHB Chad Persaud
|
0-0: Foul Ball, location: 2F 0-1: Called Strike 0-2: Ball 1-2: Foul Ball, location: 2F 1-2: Ball 2-2: Foul Ball, location: 2F 2-2: Ball 3-2: Foul Ball, location: 2F 3-2: Ground out 4-3 (Groundball, 4M, EV 96.9 MPH)
|
Top of the 7th over - 0 runs, 0 hits, 0 errors, 0 left on base; Lehigh Valley 0 - Syracuse 2 |
BOTTOM OF THE 7TH |
Syracuse Chiefs batting - Pitching for Lehigh Valley IronPigs : RHP Brian Thomas
|
Batting: RHB Ryota Tenno
|
0-0: Foul Ball, location: 2F 0-1: Called Strike 0-2: Ball 1-2: Ball 2-2: Ball 3-2: Strikes out swinging
|
Batting: RHB Brennan Cameron
|
0-0: Ball 1-0: Ball 2-0: Ball 3-0: Called Strike 3-1: Ground out 6-3 (Groundball, 6MS, EV 81.9 MPH)
|
Batting: RHB Ke-yue Hong
|
0-0: DOUBLE (Groundball, 3L, EV 103.1 MPH)
|
Pitching: LHP John Murray
|
|
Batting: LHB Dana McDonald
|
0-0: Foul Ball, location: 2F 0-1: Ball 1-1: Called Strike 1-2: Foul Ball, location: 2F 1-2: Ball 2-2: Ball 3-2: Strikes out swinging
|
Bottom of the 7th over - 0 runs, 1 hit, 0 errors, 1 left on base; Lehigh Valley 0 - Syracuse 2 |
TOP OF THE 8TH |
Lehigh Valley IronPigs batting - Pitching for Syracuse Chiefs : LHP Jesus Gallegos
|
Pitching: RHP Ruben Nevarel
|
|
Batting: RHB Chris Pounds
|
0-0: Ball 1-0: Called Strike 1-1: Foul Ball, location: 2F 1-2: Ball 2-2: Strikes out swinging
|
Batting: SHB Cesar Arteaga
|
0-0: Ball 1-0: Ball 2-0: Called Strike 2-1: Ball 3-1: Foul Ball, location: 2F 3-2: Strikes out swinging
|
Batting: RHB Dan Grable
|
0-0: Ball 1-0: Called Strike 1-1: Called Strike 1-2: Ball 2-2: Foul Ball, location: 2F 2-2: Ball 3-2: Foul Ball, location: 2F 3-2: Foul Ball, location: 2F 3-2: Foul Ball, location: 2F 3-2: Base on Balls
|
Batting: RHB Nick Beggs
|
0-0: Called Strike 0-1: Ball 1-1: Foul Ball, location: 2F 1-2: Foul Ball, location: 2F 1-2: Foul Ball, location: 2F 1-2: Fly out, F3 (Line Drive, 3, EV 70.6 MPH)
|
Top of the 8th over - 0 runs, 0 hits, 0 errors, 1 left on base; Lehigh Valley 0 - Syracuse 2 |
BOTTOM OF THE 8TH |
Syracuse Chiefs batting - Pitching for Lehigh Valley IronPigs : LHP John Murray
|
Batting: RHB Danny Gerardo
|
0-0: Called Strike 0-1: Foul Ball, location: 2F 0-2: Ground out 4-3 (Groundball, 34D, EV 84.4 MPH)
|
Batting: RHB Donovan Auclair
|
0-0: Ball 1-0: Called Strike 1-1: Ball 2-1: Ball 3-1: Foul Ball, location: 2F 3-2: Base on Balls
|
Batting: RHB Ben Welt
|
0-0: Ball 1-0: Ball 2-0: Called Strike 2-1: Called Strike 2-2: Foul Ball, location: 2F 2-2: Strikes out swinging
|
Batting: LHB Erik Beezley
|
0-0: Called Strike 0-1: Fly out, F8 (Flyball, 8RM, EV 71.2 MPH)
|
Bottom of the 8th over - 0 runs, 0 hits, 0 errors, 1 left on base; Lehigh Valley 0 - Syracuse 2 |
TOP OF THE 9TH |
Lehigh Valley IronPigs batting - Pitching for Syracuse Chiefs : RHP Ruben Nevarel
|
Pitching: LHP Jake Richards
|
|
Batting: RHB Matt Sanders
|
0-0: Ball 1-0: Ball 2-0: Called Strike 2-1: Foul Ball, location: 2F 2-2: Foul Ball, location: 2F 2-2: Ball 3-2: Foul Ball, location: 2F 3-2: Base on Balls
|
Pinch Hitting: RHB Bill Moldenhauer
|
0-0: Ball 1-0: Ball 2-0: Called Strike 2-1: Called Strike 2-2: Fly out, F7 (Flyball, 7LS, EV 86.2 MPH)
|
Batting: RHB Josh Hensley
|
0-0: Called Strike 0-1: Foul Ball, location: 2F 0-2: DOUBLE (Line Drive, 78XD, EV 107.5 MPH) Matt Sanders to third
|
Batting: RHB Julian Nijhuis
|
0-0: Called Strike 0-1: Ball 1-1: Swinging Strike 1-2: Strikes out swinging
|
Pinch Hitting: RHB Young-tae Yoo
|
0-0: Ball 1-0: Called Strike 1-1: Ball 2-1: Fly out, F8 (Flyball, 89XD, EV 95.0 MPH)
|
Top of the 9th over - 0 runs, 1 hit, 0 errors, 2 left on base; Lehigh Valley 0 - Syracuse 2 |
|